Map: Curious Minds LE

Players

Krystianer

  • Race: Protoss Protoss
  • League: Master

LiquidClem (Clem) - Winner!

  • Race: Terran Terran
  • League: Master

Event: DreamHack SC2 Masters Last Chance 2022

VOD

Have the link to the VOD?

Description

Time

  • Played on: Dec. 17, 2021, 12:25 p.m.
  • Length: 11:08

All games in this series

Show
View Real Time Build Order
Export as new Build Order

Krystianer Protoss 

Build Orders: 1 Gate Expand, Oracle Opening, Zealot Archon 

Get SALT Encoding   

  12  0:00  Probe  
  13  0:12  Probe  
  14  0:17  Pylon  
  14  0:24  Probe (Chrono Boost)  
  16  0:36  Gateway, Probe (Chrono Boost)  
  16  0:42  Probe (Chrono Boost)  
  16  0:46  Assimilator  
  17  0:51  Probe  
  18  1:03  Probe  
  19  1:15  Probe  
  20  1:23  Cybernetics Core  
  20  1:32  Probe  
  21  1:40  Nexus  
  21  1:41  Pylon  
  21  1:45  Assimilator  
  21  1:49  Probe  
  22  1:57  Adept (Chrono Boost)  
  22  2:01  Probe  
  25  2:13  Probe  
  25  2:15  Stargate  
  26  2:17  Adept (Chrono Boost)  
  28  2:25  Probe  
  28  2:28  Warp Gate  
  29  2:37  Probe  
  30  2:50  Probe  
  31  2:51  Adept  
  33  2:59  Oracle (Chrono Boost)  
  33  3:00  Probe  
  33  3:02  Probe  
  38  3:15  Gateway  
  38  3:16  Gateway  
  38  3:19  Probe x2  
  40  3:31  Probe x2  
  42  3:40  Nexus  
  42  3:43  Probe  
  42  3:46  Pylon  
  43  3:49  Probe  
  43  3:55  Probe  
  45  4:01  Probe  
  46  4:03  Twilight Council  
  46  4:07  Probe  
  46  4:08  Shield Battery  
  47  4:13  Probe  
  47  4:19  Probe  
  47  4:20  Stalker x2  
  47  4:22  Pylon  
  52  4:27  Probe  
  52  4:29  Assimilator  
  53  4:31  Probe  
  54  4:38  Charge (Chrono Boost)  
  54  4:40  Probe  
  54  4:44  Probe  
  56  4:52  Probe (Chrono Boost)  
  58  4:53  Probe (Chrono Boost)  
  58  4:56  Probe (Chrono Boost)  
  58  4:57  Zealot x2  
  58  4:58  Stalker  
  65  5:04  Probe (Chrono Boost)  
  65  5:05  Probe (Chrono Boost)  
  68  5:07  Gateway, Probe (Chrono Boost)  
  68  5:11  Probe x2 (Chrono Boost)  
  68  5:12  Probe (Chrono Boost)  
  71  5:19  Probe  
  71  5:21  Templar Archives  
  73  5:22  Zealot, Probe  
  73  5:25  Pylon  
  73  5:26  Stalker  
  77  5:38  Gateway x2  
  77  5:43  Probe  
  77  5:46  Gateway  
  77  5:47  Gateway  
  78  5:51  Probe x2  
  78  5:57  Pylon  
  80  5:59  High Templar x2  
  84  6:04  Pylon  
  84  6:09  Archon  
  84  6:11  Probe  
  85  6:17  Forge  
  85  6:18  Zealot x2  
  89  6:20  Pylon  
  89  6:25  Robotics Facility  
  89  6:27  Probe  
  90  6:34  Pylon  
  90  6:37  Zealot x4, Phoenix (Chrono Boost)  
  100  6:41  Zealot x2  
  100  6:42  Zealot  
  100  6:45  Probe  
  105  6:47  Zealot  
  105  6:49  Protoss Ground Weapons Level 1  
  105  6:52  Pylon  
  105  6:53  Assimilator, Phoenix (Chrono Boost)  
  107  6:56  Probe  
  107  7:00  High Templar  
  107  7:01  High Templar  
  112  7:04  Zealot x2  
  112  7:05  Archon  
  112  7:06  Pylon  
  112  7:08  Pylon  
  116  7:14  Probe  
  117  7:17  Zealot x4  
  117  7:19  Assimilator  
  121  7:33  Zealot x4  
  121  7:35  Probe x3  
  113  7:41  Zealot x4  
  113  7:42  Robotics Bay  
  119  7:47  Probe x3  
  116  7:54  Zealot x4  
  120  7:59  Probe x2  
  120  8:03  Zealot x4  
  120  8:05  Probe  
  117  8:11  Probe x2  
  117  8:14  Zealot x4  
  117  8:17  Phoenix  
  117  8:26  Colossus (Chrono Boost)  
  112  8:31  Sentry x3  
  120  8:35  Zealot x3  
  120  8:38  Assimilator  
  126  8:42  Zealot x2  
  130  8:55  Zealot x5  
  122  8:56  Zealot  
  130  9:06  Colossus (Chrono Boost)  
  132  9:16  Stalker x2  
  132  9:17  Stalker x2  
  128  9:20  Probe  
  128  9:23  Zealot  
  128  9:24  Zealot x3  
  131  9:25  Probe  
  132  9:36  Photon Cannon  
  132  9:41  Stalker x4  
  103  9:54  Zealot x3  
  92  10:05  Zealot x3  
  97  10:09  Zealot  
  97  10:13  Colossus (Chrono Boost)  
  97  10:18  Zealot x2  
  97  10:31  Zealot x3  
  95  10:42  Zealot x4  
  106  11:02  Zealot x2  
  106  11:03  Zealot x2  
Show
View Real Time Build Order
Export as new Build Order

LiquidClem Terran - Winner!

Build Orders:  

Get SALT Encoding   

  12  0:00  SCV  
  13  0:12  SCV  
  14  0:16  Supply Depot  
  14  0:24  SCV  
  15  0:38  SCV, Barracks  
  16  0:43  Refinery  
  16  0:50  SCV  
  17  1:02  SCV  
  18  1:10  Engineering Bay  
  18  1:14  SCV  
  19  1:26  Orbital Command  
  19  1:28  Barracks Reactor  
  19  1:36  Supply Depot  
  19  1:53  Command Center  
  19  1:57  SCV  
  20  2:06  Reaper x2  
  22  2:09  SCV  
  22  2:15  Barracks  
  23  2:21  SCV  
  24  2:26  Barracks  
  24  2:33  SCV  
  25  2:37  Refinery  
  25  2:38  Marine x2  
  27  2:45  SCV  
  28  2:56  Marine x2  
  28  2:58  SCV  
  31  3:02  Barracks Tech Lab  
  31  3:04  Orbital Command  
  31  3:10  SCV  
  32  3:14  Barracks Tech Lab, Marine  
  32  3:15  Marine  
  34  3:21  Stimpack, Marine  
  34  3:22  SCV  
  34  3:26  Orbital Command  
  36  3:33  Marine  
  37  3:34  SCV, Engineering Bay  
  37  3:39  Combat Shield  
  38  3:41  Marine  
  38  3:44  Marine  
  38  3:48  SCV  
  41  3:51  Marine  
  41  3:53  SCV  
  42  3:57  Marine  
  42  4:01  Missile Turret  
  42  4:02  SCV  
  44  4:04  Marine  
  44  4:05  SCV  
  46  4:11  Bunker  
  46  4:21  Supply Depot  
  46  4:25  Factory  
  46  4:27  Marine  
  46  4:36  SCV x2, Marine x3  
  46  4:37  Missile Turret  
  51  4:47  Marauder  
  51  4:48  SCV x2  
  51  4:50  Terran Infantry Weapons Level 1  
  55  4:53  Supply Depot  
  55  4:54  Marauder  
  55  4:56  Marine x2  
  55  4:59  Refinery  
  59  5:00  SCV x2  
  61  5:09  Factory Reactor  
  61  5:10  Starport  
  61  5:14  SCV  
  61  5:15  Marauder x2  
  61  5:16  SCV  
  61  5:20  Supply Depot  
  67  5:22  Concussive Shells  
  67  5:26  SCV  
  67  5:27  Supply Depot  
  68  5:30  SCV  
  68  5:34  Refinery  
  69  5:38  Marine  
  69  5:41  Supply Depot, SCV, Marine  
  72  5:44  Marauder  
  72  5:45  SCV  
  77  5:50  Marauder  
  77  5:51  Factory Reactor  
  77  5:52  Medivac  
  77  5:54  Medivac  
  77  5:55  SCV  
  82  5:58  Supply Depot  
  82  5:59  Marine  
  82  6:00  Marine  
  82  6:02  SCV  
  85  6:13  Supply Depot  
  85  6:16  Marauder  
  85  6:17  Marauder, Marine  
  85  6:18  Marine  
  90  6:24  Medivac x2  
  95  6:28  Widow Mine x2  
  98  6:37  Command Center  
  98  6:40  Marine x2  
  98  6:42  Marauder  
  98  6:44  Marauder  
  98  6:45  Supply Depot  
  104  6:50  SCV  
  104  6:51  Widow Mine  
  104  6:52  Widow Mine  
  109  6:59  Marine  
  110  7:04  Marine  
  110  7:05  Supply Depot  
  110  7:07  Marauder, Medivac x2  
  110  7:08  SCV  
  117  7:11  SCV  
  118  7:22  Terran Infantry Armor Level 1  
  118  7:23  Supply Depot  
  118  7:25  Marine  
  118  7:27  Marauder, Widow Mine x2  
  118  7:28  SCV  
  124  7:30  Marine  
  124  7:32  Marauder  
  126  7:37  Supply Depot  
  126  7:41  Barracks  
  126  7:43  Barracks  
  121  7:50  Medivac  
  121  7:51  Medivac  
  124  7:54  Marine x2  
  124  7:55  Marauder  
  124  7:56  Marauder, SCV  
  129  8:00  Widow Mine  
  129  8:01  SCV  
  129  8:04  Widow Mine  
  129  8:09  Orbital Command  
  129  8:12  SCV  
  130  8:14  Marine  
  130  8:15  SCV, Marine  
  130  8:18  Marine x2  
  128  8:23  Widow Mine  
  128  8:24  SCV  
  128  8:26  Medivac  
  126  8:27  SCV  
  126  8:29  Medivac  
  126  8:33  Widow Mine, Barracks Tech Lab, Barracks Reactor  
  131  8:39  SCV  
  131  8:40  SCV x2, Ghost Academy  
  134  8:43  Marine x2  
  134  8:44  Widow Mine  
  134  8:46  Marauder  
  134  8:47  Marauder  
  142  8:51  SCV  
  142  8:52  Marauder  
  142  8:53  SCV  
  144  8:57  Widow Mine  
  144  8:58  SCV  
  147  9:03  Supply Depot  
  147  9:04  SCV  
  147  9:07  Marine x2  
  147  9:08  Marauder x2, SCV  
  154  9:11  SCV  
  154  9:12  Marine x2  
  154  9:16  SCV  
  157  9:19  Viking  
  157  9:21  SCV  
  157  9:22  Marine  
  156  9:24  Widow Mine  
  156  9:28  Armory  
  156  9:29  Supply Depot, Engineering Bay, Marine x2  
  156  9:31  Marauder  
  159  9:33  Widow Mine  
  159  9:36  Viking  
  163  9:39  Marine  
  163  9:42  Marine  
  163  9:44  Marauder  
  165  9:47  Widow Mine  
  165  9:48  Marauder, Marine  
  165  9:49  Viking  
  165  9:50  Marine  
  165  9:51  SCV  
  165  9:52  Marauder, SCV  
  161  9:57  Marine  
  161  9:59  Widow Mine  
  143  10:03  Marine  
  143  10:06  Medivac  
  140  10:10  Marine x2  
  140  10:11  Marauder x2  
  148  10:14  Widow Mine  
  148  10:17  Marine  
  148  10:19  Medivac  
  148  10:20  Marauder  
  150  10:26  Marine  
  150  10:28  Marine  
  152  10:30  Marine  
  152  10:33  Marauder  
  152  10:34  Refinery  
  152  10:35  Ghost  
  155  10:36  Medivac, Refinery, Marine  
  155  10:38  Supply Depot  
  155  10:41  Marine  
  155  10:42  Widow Mine  
  163  10:44  Widow Mine  
  163  10:45  Marine  
  168  10:55  Engineering Bay  
  168  10:56  Command Center  

Tags
 
Add a new tag
Caveats
  • Supply blocks, unpowered buildings, or Contaminate may cause inaccurate times.
  • Supply counts are checked every 10 seconds.